 Dungeon Sprint DCSS version 0.17-a0-1570-g74b7129 (webtiles) character file.

1017 tt080 the Basher (level 8, -5/81 HPs)
             Began as a Deep Dwarf Berserker on July 23, 2015.
             Was a Priest of Trog.
             Killed by an exploding giant spore (13 damage)
             ... in the Dungeon (Sprint I: "Red Sonja").
             The game lasted 00:02:54 (471 turns).

tt080 the Basher (Deep Dwarf Berserker)              Turns: 471, Time: 00:02:54

Health: -5/81      AC:  6    Str: 23    XL:     8   Next: 2%
Magic:  8/8        EV: 15    Int:  7    God:    Trog [***...]
Gold:   351        SH:  0    Dex: 13    Spells: 0 memorised, 7 levels left

rFire  . . .     SeeInvis .     a - +0 mace
rCold  . . .     Clarity  .     k - +0 ring mail
rNeg   . . .     SustAt   .     (no shield)
rPois  .         Gourm    .     (no helmet)
rElec  .         Spirit   .     (no cloak)
rCorr  .         Warding  .     (no gloves)
rMut   .         NoTele   +     (no boots)
MR     +....                    (no amulet)
Stlth  ..........               (no ring)
                                (no ring)

@: confused, non-regenerating, somewhat resistant to hostile enchantments,
extremely unstealthy
A: damage resistance, recharge devices, sense surroundings 1, slow healing 3
a: Device Recharging, Burn Spellbooks, Berserk, Trog's Hand, Renounce Religion


You were in the Dungeon.
You worshipped Trog.
Trog was most pleased with you.
You were not hungry.

You visited 1 branch You collected 351 gold pieces.

Inventory:

Hand weapons
 a - a +0 mace (weapon)
Armour
 b - a +0 animal skin
 k - a +0 ring mail (worn)
Magical devices
 c - a wand of heal wounds (2)
 f - a wand of flame (31)
Scrolls
 j - a scroll of blinking
Potions
 g - a potion of haste
 h - 2 potions of magic
 i - a potion of berserk rage
Comestibles
 d - a bread ration
 l - 4 chunks of flesh


   Skills:
 + Level 8.0 Fighting
 * Level 11.4 Maces & Flails
 + Level 8.7 Armour
 + Level 8.7 Dodging


You had 7 spell levels left.
You didn't know any spells.

Dungeon Overview and Level Annotations

Branches:
Dungeon (1/1)

Altars:
Elyvilon
Gozag
Kikubaaqudgha
Makhleb
Nemelex Xobeh
Okawaru
Qazlal
Ru
Sif Muna
Trog
Vehumet
Xom
Yredelemnul
Zin
The Shining One

Shops:
D *


Innate Abilities, Weirdness & Mutations

You are resistant to damage.
You can recharge devices by infusing magical energy.
You passively map a small area around you.
You do not heal naturally.


Message History

Trog says: Kill them all!
Press ? for a list of commands and other information.
There is an open door here.
You now have 270 gold pieces (gained 27).
You now have 297 gold pieces (gained 27).
You now have 324 gold pieces (gained 27).
You now have 351 gold pieces (gained 27).
You open the door.
There is an open door here.
You open the door.
The giant spore waves its rhizomes. x2
The giant spore explodes!
The explosion of spores engulfs you!
You are confused.
* * * LOW HITPOINT WARNING * * *
The explosion of spores engulfs the giant spore.
The giant spore explodes!
The explosion of spores engulfs you!
You are more confused.
You die...

#..#__####..##.#≈
#..#_..__##'#..+
,
#⌠⌠#_.∩..((..._#
≈ ,
####_..._##_.#+#
, #_____###'#, ,
#########.##* +
** .......'...+,,
++++####...#* ,,
* ##@## , #'#, ,
, , , ,!$! * + ,


$$![$ , , *, #######, ,, , , ≈ , , , * There were no monsters in sight!

Vanquished Creatures
  Sonja (D)
  Sigmund (D)
  A yak (D)
  An ogre (D)
  A jelly (D)
  Ijyb (D)
6 creatures vanquished.

Notes
Turn   | Place    | Note
--------------------------------------------------------------
     0 | D        | tt080 the Deep Dwarf Berserker began the quest for the Orb.
     0 | D        | Reached XP level 1. HP: 20/20 MP: 1/1
     1 | D        | Noticed Ijyb
    11 | D        | Killed Ijyb
    11 | D        | Reached skill level 4 in Fighting
    11 | D        | Reached XP level 2. HP: 30/30 MP: 2/2
    56 | D        | Noticed an ogre
    63 | D        | Killed an ogre
    63 | D        | Acquired Trog's second power
    63 | D        | Reached skill level 5 in Fighting
    63 | D        | Reached skill level 6 in Maces & Flails
    63 | D        | Reached XP level 3. HP: 27/39 MP: 3/3
    63 | D        | Reached XP level 4. HP: 32/46 MP: 4/4
   208 | D        | Noticed Sigmund
   221 | D        | Killed Sigmund
   221 | D        | Reached skill level 8 in Maces & Flails
   221 | D        | Reached XP level 5. HP: 55/55 MP: 5/5
   221 | D        | Reached XP level 6. HP: 62/62 MP: 6/6
   271 | D        | Found a deep blue altar of Sif Muna.
   272 | D        | Noticed a jelly
   273 | D        | Found a radiant altar of Vehumet.
   280 | D        | Killed a jelly
   333 | D        | Found Ciseasost's Assorted Antiques.
   333 | D        | Found a white marble altar of Elyvilon.
   333 | D        | Found a stormy altar of Qazlal.
   333 | D        | Found a basalt altar of Yredelemnul.
   333 | D        | Found an iron altar of Okawaru.
   333 | D        | Found a sparkling altar of Nemelex Xobeh.
   333 | D        | Found a shimmering altar of Xom.
   333 | D        | Found an ancient bone altar of Kikubaaqudgha.
   333 | D        | Noticed a yak
   339 | D        | Killed a yak
   339 | D        | Reached skill level 9 in Maces & Flails
   340 | D        | Found a burning altar of Makhleb.
   340 | D        | Found a sacrificial altar of Ru.
   340 | D        | Found a glowing golden altar of the Shining One.
   340 | D        | Found an opulent altar of Gozag.
   340 | D        | Found a glowing silver altar of Zin.
   343 | D        | Found a bloodstained altar of Trog.
   377 | D        | Noticed Sonja
   386 | D        | Killed Sonja
   386 | D        | Reached skill level 11 in Maces & Flails
   386 | D        | Reached XP level 7. HP: 39/74 MP: 7/7
   386 | D        | Reached XP level 8. HP: 42/81 MP: 8/8
   393 | D        | HP: 1/81 [poisoned by Sonja]
   471 | D        | Killed by an exploding giant spore

Vault maps used:
D:        dungeon_sprint_1

Action                   |  1- 3 |  4- 6 |  7- 9 || total
-------------------------+-------+-------+-------++-------
Melee: Mace              |    13 |    21 |       ||    34
Invok: Berserk           |     2 |     4 |       ||     6
       Trog's Hand       |       |     1 |       ||     1
Evoke: Wand              |       |     1 |     2 ||     3
  Use: Potion            |       |     2 |       ||     2
  Eat: Chunk             |       |     3 |     2 ||     5
